 Dungeon Crawl Stone Soup version 0.31-a0-23-gcbde74481b (webtiles) character file.

Game seed: 760576958370988780

5469 pk666 the Thaumaturge (level 10, -1/32 (50) HPs)
             Began as a Deep Elf Hedge Wizard on May 13, 2023.
             Was a Believer of Vehumet.
             Slain by a wight
             ... wielding a +0 dagger of protection
              (4 damage)
             ... on level 5 of the Dungeon.
             The game lasted 00:40:07 (13770 turns).

pk666 the Thaumaturge (Deep Elf Hedge Wizard)      Turns: 13770, Time: 00:40:07

HP:   -1/32 (50)    AC:  6    Str:  7    XL:     10   Next: 41%
MP:   7/27          EV: 14    Int: 24    God:    Vehumet [**....]
Gold: 291           SH:  0    Dex: 14    Spells: 25/31 levels left

rFire   . . .        w - +0 whip (venom)
rCold   . . .        (no shield)
rNeg    . . .        B - +2 leather armour {Will+}
rPois   .            c - +0 hat
rElec   .            (no cloak)
rCorr   .            C - +0 pair of gloves
SInv    .            (no boots)
Will    ++...        (no amulet)
Stlth   ++           (no ring)
HPRegen 0.25/turn    (no ring)
MPRegen 0.20/turn

%: no passive effects
@: very heavily drained
A: no striking features
a: Renounce Religion


You were on level 5 of the Dungeon.
You worshipped Vehumet.
Vehumet was pleased with you.
You visited 2 branches of the dungeon, and saw 7 of its levels.

You collected 291 gold pieces.

Inventory:

Hand Weapons
 w - a +0 whip of venom (weapon)
Armour
 a - a +2 robe of cold resistance
 b - a +0 robe
 c - a +0 hat (worn)
 B - a +2 leather armour of willpower (worn)
 C - a +0 pair of gloves (worn)
Magical Staves
 H - a staff of poison
Jewellery
 E - an amulet of reflection
 F - a +6 ring of strength
Wands
 s - a wand of quicksilver (3)
 G - a wand of iceblast (9)
Scrolls
 e - 8 scrolls of identify
 g - a scroll of silence {unknown}
 j - 2 scrolls of amnesia {unknown}
 k - a scroll of butterflies {unknown}
 o - a scroll of poison {unknown}
 v - 2 scrolls of fear {unknown}
 x - 3 scrolls of teleportation {unknown}
 y - a scroll of noise {unknown}
 A - a scroll of vulnerability {unknown}
 D - a scroll of fog {unknown}
Potions
 d - 2 potions of magic
 h - a potion of heal wounds {unknown}
 i - 3 potions of mutation
 l - a potion of haste
 m - 2 potions of berserk rage {unknown}
 n - 3 potions of lignification
 p - a potion of flight {unknown}
 q - a potion of resistance {unknown}
 r - a potion of invisibility
 t - a potion of cancellation {unknown}
 u - a potion of might {unknown}
 z - 2 potions of degeneration {unknown}


   Skills:
 + Level 7.1 Dodging
 - Level 2.4 Stealth
 + Level 11.0 Spellcasting
 + Level 10.4 Conjurations
 - Level 1.1 Summonings
 - Level 4.0 Translocations
 + Level 3.0 Fire Magic
 - Level 4.0 Air Magic
 - Level 5.0 Poison Magic


You had 25 spell levels left.
You knew the following spells:

 Your Spells              Type           Power      Damage    Failure   Level
a - Magic Dart            Conj           100%       1d8       1%          1
b - Blink                 Tloc           64%        N/A       1%          2
c - Mephitic Cloud        Conj/Pois/Air  44%        N/A       1%          3

Your spell library contained the following spells:

 Spells                   Type           Power      Damage    Failure   Level
 Dazzling Flash           Conj/Hex       76%        N/A       2%          3
 Cigotuvi's Dreadful Rot  Necr/Pois/Air  54%        N/A       3%          2
 Slow                     Hex            52%        N/A       7%          1
 Call Imp                 Summ           36%        N/A       7%          2


Dungeon Overview and Level Annotations

Branches:
Dungeon (6/15)             Temple (1/1) D:5

Altars:
Ashenzari
Elyvilon
Fedhas
Makhleb
Nemelex Xobeh
Okawaru
Qazlal
Ru
Uskayaw
Vehumet
Wu Jian
Xom
Yredelemnul
Zin
The Shining One


Message History

The wight hits you with a +0 dagger of protection.
Casting: Magic Dart (safe; 1% risk of failure)
Confirm with . or Enter, or press ? or * to list all spells.
Aiming: Magic Dart (safe; 1% risk of failure)
Press: ? - help, Shift-Dir - straight line, f/p - wight
Aim: a wight, wielding a +0 dagger of protection and wearing a +0 robe (moderately damaged, 100% to hit)
The magic dart hits the wight.
The wight is heavily damaged.
The wight barely misses you.
Casting: Magic Dart (safe; 1% risk of failure)
Confirm with . or Enter, or press ? or * to list all spells.
Aiming: Magic Dart (safe; 1% risk of failure)
Press: ? - help, Shift-Dir - straight line, f/p - wight
Aim: a wight, wielding a +0 dagger of protection and wearing a +0 robe (heavily damaged, 100% to hit)
The magic dart hits the wight but does no damage.
The wight is heavily damaged.
The wight hits you with a +0 dagger of protection.
* * * LOW HITPOINT WARNING * * *
You feel better.
The wight hits you with a +0 dagger of protection.
You hit the wight.
The wight is severely damaged.
The wight closely misses you.
You closely miss the wight.
The wight is severely damaged.
The wight hits you but does no damage.
You hit the wight.
The wight is almost destroyed.
The wight closely misses you.
You hit the wight but do no damage.
The wight is almost destroyed.
The wight hits you with a +0 dagger of protection.
* * * LOW HITPOINT WARNING * * *
You feel drained.
You hit the wight.
The wight is almost destroyed.
The wight hits you with a +0 dagger of protection.
* * * LOW HITPOINT WARNING * * *
The wight hits you with a +0 dagger of protection.
You die...

####.## #.# .....# #.#
#...(## #.# ####..#
#.# #..#############.#
##............>...##
##...##.......[?....#
##...######.....z....#
#...## #####.@....#
...## ####...# ..##
##### .## ## # # #
###### # ##....#


You could see a wight.

Vanquished Creatures
  A kobold demonologist (D:6)
  Sigmund (D:3)
  6 yaks (D:5)
  Menkaure (D:5)
  A warg (D:6)
  2 orc warriors
  An ice beast (D:6)
  14 ogres
  A centaur (D:6)
  A bullfrog (D:4)
  3 kobold brigands (D:6)
  2 gnoll sergeants (D:6)
  2 scorpions (D:6)
  3 wights
  7 howler monkeys
  2 jellies
  4 gnoll boudas (D:6)
  10 hounds
  11 orc priests
  Terence (D:3)
  Jessica (D:3)
  Ijyb (D:3)
  Natasha (thrice) (D:3)
  2 sleepcaps (D:5)
  8 orc wizards
  Robin (D:2)
  6 gnolls
  7 adders
  A white imp (D:6)
  An ufetubus (D:4)
  A worm (D:3)
  A dart slug (D:5)
  26 orcs
  4 ball pythons
  4 bats
  6 endoplasms
  3 giant cockroaches
  16 goblins
  12 hobgoblins
  11 jackals
  5 quokkas
  2 frilled lizards
  7 kobolds
  3 rats
206 creatures vanquished.

Vanquished Creatures (others)
  2 orc wizards (D:5)
2 creatures vanquished.

Grand Total: 208 creatures vanquished

Notes
Turn   | Place    | Note
-------+----------+-------------------------------------------
     0 | D:1      | pk666 the Deep Elf Hedge Wizard began the quest for the
                  | Orb.
     0 | D:1      | Reached XP level 1. HP: 10/10 MP: 7/7
   260 | D:1      | Reached XP level 2. HP: 14/15 MP: 2/9
  1046 | D:1      | Reached XP level 3. HP: 19/19 MP: 8/11
  1172 | D:1      | Learned a level 3 spell: Mephitic Cloud
  1693 | D:2      | Reached skill level 5 in Spellcasting
  1778 | D:2      | Reached skill level 1 in Poison Magic
  2029 | D:2      | Reached XP level 4. HP: 24/24 MP: 8/13
  2033 | D:2      | Noticed Robin
  2060 | D:2      | Killed Robin
  2489 | D:2      | Reached skill level 1 in Air Magic
  2543 | D:3      | Noticed Ijyb
  2643 | D:3      | Reached XP level 5. HP: 26/28 MP: 7/14
  2696 | D:3      | Learned a level 2 spell: Blink
  3181 | D:3      | Noticed Natasha
  3185 | D:3      | Killed Natasha
  3336 | D:3      | Noticed Sigmund
  3366 | D:3      | Noticed Terence
  3551 | D:3      | Noticed Natasha
  3559 | D:3      | Killed Natasha
  3634 | D:3      | Killed Terence
  3635 | D:3      | Reached XP level 6. HP: 32/32 MP: 0/16
  4403 | D:3      | Noticed Natasha
  4482 | D:3      | Killed Natasha
  4517 | D:3      | Noticed Jessica
  4525 | D:3      | Killed Jessica
  4593 | D:3      | Killed Ijyb
  4793 | D:3      | Found a faded altar of an unknown god.
  4797 | D:3      | Found an ornate altar of the Wu Jian Council.
  5080 | D:3      | Killed Sigmund
  5081 | D:3      | Reached skill level 6 in Spellcasting
  5081 | D:3      | Reached XP level 7. HP: 36/36 MP: 3/18
  5923 | D:4      | Reached skill level 5 in Conjurations
  6304 | D:5      | Entered Level 5 of the Dungeon
  6548 | D:5      | Found a staircase to the Ecumenical Temple.
  6565 | Temple   | Entered the Ecumenical Temple
  6635 | Temple   | Became a worshipper of Vehumet
  6671 | D:5      | Noticed a yak
  6797 | D:5      | Noticed a yak
  6798 | D:5      | Noticed a yak
  7237 | D:5      | Noticed Menkaure
  7238 | D:5      | Reached XP level 8. HP: 41/41 MP: 12/20
  7627 | D:5      | Killed Menkaure
  7693 | D:5      | Reached skill level 7 in Spellcasting
  7922 | D:5      | Reached skill level 5 in Poison Magic
  8234 | D:5      | Reached skill level 8 in Spellcasting
  8296 | D:5      | HP: 1/41 [goblin/+0 club (3)]
  8476 | D:5      | Reached XP level 9. HP: 45/45 MP: 8/23
  9354 | D:6      | Found a burning altar of Makhleb.
  9757 | D:6      | Reached * piety under Vehumet
  9757 | D:6      | Offered knowledge of Kiss of Death by Vehumet.
 10294 | D:6      | Reached skill level 9 in Spellcasting
 10771 | D:6      | Noticed a kobold demonologist
 10972 | D:6      | Reached skill level 5 in Dodging
 11356 | D:6      | Reached ** piety under Vehumet
 11356 | D:6      | Offered knowledge of Scorch by Vehumet.
 11357 | D:6      | Reached skill level 10 in Spellcasting
 11577 | D:6      | Killed a kobold demonologist
 11762 | D:6      | Reached XP level 10. HP: 50/50 MP: 11/26
 11844 | D:6      | Reached skill level 10 in Conjurations
 11929 | D:6      | Reached skill level 1 in Fire Magic
 13094 | D:6      | HP: 1/43 [wight/+0 flail (6)]
 13374 | D:5      | Reached skill level 11 in Spellcasting
 13439 | D:5      | Offered knowledge of Dazzling Flash by Vehumet.
 13770 | D:5      | Slain by a wight

Illustrated notes

Levels and vault maps discovered:
D:1:      mainiacjoe_arrival_reflecting_pool, layout_loops_cross
D:2:      layout_loops_ring, minmay_pentomino_u4, uniq_robin
D:3:      layout_basic, nicolae_overflow_ecumenical_swirl,
          nicolae_elevator_lobby_asterisk, uniq_sigmund, uniq_natasha,
          uniq_ijyb, uniq_terence, uniq_jessica
D:4:      layout_basic
D:5:      layout_cave_pods, minmay_temple_entry_statues_pillars,
          minmay_misc_feat_doors, minmay_ogre_servants, uniq_menkaure
D:6:      lemuel_castle_with_subvaults [lemuel_castle_interior_carwin_3],
          layout_gridville, lemuel_doored_altar, chequers_serial_rivers_large_b,
          uniq_blork_the_orc
Temple:   nicolae_temple_ecumenical_triangle

Skill      XL: |  1  2  3  4  5  6  7  8  9 10 |
---------------+-------------------------------+-----
Conjurations   | 2 3 4 6 8 9 10 | 10.4
Spellcasting   | 5 6 8 10 11 | 11.0
Poison Magic   | 1 2 3 4 5 |  5.0
Air Magic      | 1 2 3 4 |  4.0
Translocations | 2 3 4 |  4.0
Dodging        | 6 7 |  7.1
Fire Magic     | 3 |  3.0
Stealth        | |  2.4
Summonings     | |  1.1

Action                     |  1- 3 |  4- 6 |  7- 9 | 10-12 || total
---------------------------+-------+-------+-------+-------++-------
  Melee: Dagger            |     4 |     7 |       |       ||    11
         Whip              |       |       |    33 |     6 ||    39
         Punch             |       |       |     1 |       ||     1
   Cast: Magic Dart        |   111 |   146 |   497 |   207 ||   961
         Mephitic Cloud    |       |    11 |    56 |    25 ||    92
         Blink             |       |     1 |    10 |     2 ||    13
    Use: Scroll            |       |       |     3 |       ||     3
         Potion            |       |       |       |     3 ||     3
   Stab: Confused          |       |       |     2 |       ||     2
 Armour: Robe              |    10 |       |     3 |       ||    13
         Leather armour    |       |       |    17 |    13 ||    30
  Dodge: Dodged            |    42 |    14 |    84 |    50 ||   190

Table legend: (Time is in decaauts)
 A = Elapsed time spent in this place.
 B = Non-inter-level travel time spent in this place.
 C = Inter-level travel time spent in this place.
 D = Time resting spent in this place.
 E = Time spent auto-exploring this place.
 F = Levels seen in this place.
 G = Mean time per level.
                   A        B        C        D        E       F      G
               +--------+--------+--------+--------+--------+-----+--------+
         Total |  13805 |  13092 |    713 |   5908 |   4424 |   7 | 1972.1 |
       Dungeon |  13700 |  13000 |    700 |   5852 |   4400 |   6 | 2283.3 |
        Temple |    105 |     92 |     13 |     56 |     24 |   1 |  105.0 |
               +--------+--------+--------+--------+--------+-----+--------+

Top non-repeatable levels by time:
     D:6: 3737 daAuts
     D:5: 2995 daAuts
     D:3: 2666 daAuts
     D:4: 1725 daAuts
     D:2: 1357 daAuts
     D:1: 1218 daAuts
  Temple: 105 daAuts
